 Dungeon Crawl Stone Soup version 0.30.0-29-ga12c61a403 (webtiles) character file.

Game seed: 17611196107228380859

132823 monsoonserge the Warrior (level 17, 0/163 HPs)
             Began as a Meteoran Fighter on June 8, 2023.
             Was an Elder of Elyvilon.
             Killed from afar by a shock serpent (26 damage)
             ... with a bolt of electricity
             ... on level 1 of the Snake Pit on June 9, 2023.
             The game lasted 02:48:15 (11624 turns).

monsoonserge the Warrior (Meteoran Fighter)        Turns: 11624, Time: 02:48:16

Health: 0/163      AC: 14    Str: 26    XL:     17   Next: 48%
Magic:  23/27      EV: 21    Int: 13    God:    Elyvilon [****..]
Gold:   1194       SH: 24    Dex: 15    Spells: 16/16 levels left

rFire   . . .        f - +7 spear "Qehebluc" {flame, rCorr Str+3}
rCold   + + +        Q - +0 tower shield
rNeg    . . .        O - +4 skin of Zhor {*Englaciate rC+++ SInv}
rPois   .            w - +0 helmet
rElec   .            p - scarf {repulsion}
rCorr   +            H - +1 pair of gloves {Dex+3}
SInv    +            (no boots)
Will    ++...        X - amulet of reflection
Stlth   +            V - +4 ring of protection
HPRegen 0.47/turn    q - +5 ring of evasion
MPRegen 0.20/turn

%: repel missiles, reflection
@: glowing
A: sense surroundings 2, otherworldly, glowing, explore regen, subdued magic 1,
[clumsy 1], [deformed body]
}: 2/15 runes: barnacled, abyssal
a: Renounce Religion, Purification, Heal Other, Heal Self


You were on level 1 of the Snake Pit.
You worshipped Elyvilon.
Elyvilon was greatly pleased with you.
You visited 6 branches of the dungeon, and saw 23 of its levels.
You visited the Abyss 2 times.
You also visited: Ossuary.

You collected 1347 gold pieces.
You spent 153 gold pieces at shops.

Inventory:

Hand Weapons
 f - the +7 spear "Qehebluc" (weapon) {flame, rCorr Str+3}
   (You found it on level 5 of the Dungeon)

   Str:       It affects your strength (+3).
   rCorr:     It protects you from acid and corrosion.
 t - the +8 lajatang of the Mind {flame, rElec Str+8 Int-5}
   (You took it off a merfolk impaler on level 4 of the Shoals)

   Str:       It affects your strength (+8).
   Int:       It affects your intelligence (-5).
   rElec:     It insulates you from electricity.
Missiles
 a - a silver javelin
 b - 4 throwing nets
 h - 20 boomerangs (quivered)
 K - 2 curare-tipped darts
 L - 12 poisoned darts
 Y - 2 atropa-tipped darts
Armour
 p - a scarf of repulsion (worn)
 w - a +0 helmet (worn)
 H - a +1 pair of gloves of dexterity (worn)
 O - the +4 skin of Zhor (worn) {*Englaciate rC+++ SInv}
   (You found it on level 4 of the Lair of Beasts)

   *Englaciate: It radiates cold, occasionally slowing all nearby creatures who
   are not resistant to cold.
   rC:        It renders you almost immune to cold.
   SInv:      It lets you see invisible.
 Q - a +0 tower shield (worn)
Jewellery
 i - a ring of positive energy
 q - a +5 ring of evasion (right hand)
 F - a ring of protection from fire
 N - a ring of flight
 V - a +4 ring of protection (left hand)
 W - a ring of protection from cold
 X - an amulet of reflection (around neck)
Wands
 s - a wand of polymorph (15)
 y - a wand of acid (7)
 M - a wand of digging (7)
 P - a wand of charming (6)
 T - a wand of flame (12)
Scrolls
 c - a scroll of amnesia
 e - 8 scrolls of fog
 g - 5 scrolls of magic mapping
 k - 3 scrolls of butterflies
 n - 6 scrolls of immolation
 o - 4 scrolls of enchant weapon
 x - 4 scrolls of brand weapon
 z - 3 scrolls of blinking
 A - 2 scrolls of fear
 E - 5 scrolls of teleportation
 I - 4 scrolls of enchant armour
 R - a scroll of silence
Potions
 d - 7 potions of might
 j - 7 potions of heal wounds
 l - 3 potions of mutation
 r - 4 potions of lignification
 u - 10 potions of curing
 v - 4 potions of flight
 B - 5 potions of attraction
 C - 2 potions of ambrosia
 D - 3 potions of magic
 U - 2 potions of berserk rage
 Z - 2 potions of cancellation
Miscellaneous
 G - a phantom mirror
 J - a phial of floods
 S - a lightning rod (4/4)


   Skills:
 + Level 18.0 Fighting
 + Level 6.2(12.1) Axes
 + Level 15.9(16.3) Polearms
 + Level 6.9 Throwing
 + Level 12.5 Armour
 + Level 10.0 Dodging
 + Level 3.0 Stealth
 + Level 15.0 Shields
 + Level 0.4 Unarmed Combat
 + Level 12.9 Invocations
 * Level 5.3 Evocations


You had 16 spell levels left.
You didn't know any spells.
Your spell library contained the following spells:

 Spells                   Type           Power      Damage    Failure   Level
 Beastly Appendage        Tmut           0%         N/A       52%         1
 Kiss of Death            Conj/Necr      0%         2d5       52%         1
 Necrotise                Necr           0%         1d4       52%         1
 Shock                    Conj/Air       0%         1d3       52%         1
 Slow                     Hex            0%         N/A       52%         1
 Blink                    Tloc           0%         N/A       67%         2
 Cigotuvi's Dreadful Rot  Necr/Pois/Air  0%         N/A       67%         2
 Lesser Beckoning         Tloc           0%         N/A       67%         2
 Momentum Strike          Conj/Tloc      0%         3d8       67%         2
 Wereblood                Tmut           0%         N/A       67%         2
 Confusing Touch          Hex            0%         N/A       89%         3
 Dazzling Flash           Conj/Hex       0%         N/A       89%         3
 Gell's Gravitas          Tloc           0%         N/A       89%         3
 Ignite Poison            Fire/Tmut/Pois 0%         N/A       89%         3
 Inner Flame              Hex/Fire       0%         N/A       89%         3
 Spider Form              Tmut/Pois      0%         N/A       89%         3
 Swiftness                Air            0%         N/A       89%         3
 Teleport Other           Tloc           0%         N/A       89%         3
 Vampiric Draining        Necr           0%         2d6       89%         3
 Vhi's Electric Charge    Tloc/Air       0%         N/A       89%         3
 Airstrike                Air            0%         2d(0-16)  100%        4
 Dispel Undead            Necr           0%         3d6       100%        4
 Flame Wave               Conj/Fire      0%         2d4       100%        4
 Petrify                  Tmut/Erth      0%         N/A       100%        4
 Sticky Flame             Conj/Fire      0%         2d3       100%        4
 Agony                    Necr           0%         N/A       100%        5
 Arcjolt                  Conj/Air       0%         1d10      100%        5
 Freezing Cloud           Conj/Ice/Air   0%         6-21      100%        5
 Metabolic Englaciation   Hex/Ice        0%         N/A       100%        5
 Silence                  Hex/Air        0%         N/A       100%        5
 Statue Form              Tmut/Erth      0%         N/A       100%        6
 Maxwell's Capacitive Co  Air            0%         ∞         100%        8
 Fire Storm               Conj/Fire      0%         5d1       100%        9


Dungeon Overview and Level Annotations

Branches:
Dungeon (11/15) Zot: 1536  Temple (1/1) D:4 Zot: 528    Lair (5/5) D:11 Zot: 242
 Shoals (4/4) Lair:3 Zot: 374   Snake (1/4) Lair:3 Zot: 486   Slime (1/5) Lair:4 Zot: 507
    Orc (0/2) D:10        Ossuary (visited)

Altars:
Ashenzari
Cheibriados
Dithmenos
Elyvilon
Fedhas
Gozag
Hepliaklqana
Kikubaaqudgha
Makhleb
Nemelex Xobeh
Okawaru
Qazlal
Ru
Sif Muna
Trog
Uskayaw
Vehumet
Wu Jian
Xom
Yredelemnul
Zin
The Shining One
Jiyva
Lugonu

Shops:
D:1 ?   D:4 !   D:6 (:?(   Shoals:3 [

Portals:
Abyss: Lair:5
Trove: D:10 (show abyssal rune of Zot)

Annotations:
Shoals:3 Mara


Innate Abilities, Weirdness & Mutations

You passively map the area around you.
You are easily found by Zot.
You glow in the dark.
You regain HP and MP as you explore.
Your spells are a little easier to cast, but a little less powerful.
[You are clumsy. (Dex -2)]
[Armour fits poorly on your strangely shaped body.]


Message History

You are healed.
You feel sick.
The naga sharpshooter gestures wildly while chanting.
The naga sharpshooter magically shoots an arrow.
The arrow hits you! The naga warrior misses you.
The naga mage spits poison at you.
You block splash of poison... and reflect it back!
The splash of poison hits the naga mage.
The naga mage completely resists.
You block the shock serpent's attack.
You feel purified!
You feel your strength returning.
The naga sharpshooter shoots an arrow.
You block the arrow with an invisible shield... and reflect it back!
The arrow hits the naga sharpshooter!!
You block the naga mage's attack.
A naga comes into view. It is wielding a +0 flail.
You block the naga warrior's attack.
The shock serpent bites you but does no damage.
Press: ? - help, Dir - move target, f - naga mage, p - naga warrior Heal: a naga mage, wielding a +0 halberd (fast, strong, chance to pacify: 64%)
The light of Elyvilon fails to reach the naga mage.
The naga shouts!
You block the naga mage's attack.
The naga mage points at you and mumbles some strange words.
The bolt of poison hits you!!
You are poisoned.
* * * LOW HITPOINT WARNING * * *
The naga warrior hits you from afar with a +0 glaive!
* * * LOW HITPOINT WARNING * * *
You block the shock serpent's attack.
Unknown command.
Blink to where?
Press: ? - help, Dir - move target, p - naga mage
As you read the scroll of blinking, it crumbles to dust.
You radiate an aura of cold.
The shock serpent seems to slow down.
You feel very sick.
The shock serpent shoots out a bolt of lightning at you!
The bolt of electricity hits you!
* * * LOW HITPOINT WARNING * * *
You feel better.
The shock serpent shoots out a bolt of lightning at you!
The bolt of electricity hits you!!
You die...

, , ,,...................... ,
,,..........#............# ,, , ,
............#...#..(..# , ,
.............#.........##. ,
........................#. ,
..........................
.......................... *
.##.....................##. ,,
...........@...##........#*
,........................##..#
... ........................# ..#
...##................#.....##..##
....#............................
.#............................##.
....>...............†.....##.#.#
.........S....†........#..# .# #
.....N).N..)........##...##,..


You could see a shock serpent (slow).

Vanquished Creatures
  A tentacled starspawn (Abyss:3)
  3 merfolk javelineers
  9 merfolk impalers
  Erolcha (D:10)
  An entropy weaver (shapeshifter) (D:10)
  Harold (D:11)
  A merfolk avatar (Shoals:4)
  A vault guard (D:10)
  An ogre mage (D:10)
  A merfolk aquamancer (Shoals:4)
  A centaur warrior (Shoals:1)
  An anaconda (Snake:1)
  5 two-headed ogres
  3 satyrs
  4 thrashing horrors
  A shock serpent (Snake:1)
  2 wretched stars
  4 sea snakes
  4 skysharks
  2 glowing orange brains (Abyss:3)
  An orc knight (D:10)
  Pikel (D:6)
  An ugly thing (Lair:5)
  A wizard (D:10)
  12 harpies
  A draconian (Abyss:4)
  A shining eye (Slime:1)
  8 fauns
  A deep elf pyromancer (D:10)
  2 salamanders (Snake:1)
  9 elephants
  6 manticores
  4 cyclopes
  A naga mage (Snake:1)
  14 merfolk sirens
  A water nymph (Shoals:4)
  6 black mambas
  3 smoke demons
  4 cane toads
  Joseph (D:10)
  An unseen horror (D:11)
  A gargoyle (D:10)
  4 komodo dragons
  10 rime drakes (Lair:5)
  The ghost of nroviw the Trooper, a novice GrFi (D:5)
  3 trolls
  2 hornets (D:8)
  A meliai (D:8)
  5 wind drakes
  3 ancient zymes
  16 merfolk
  Grinder (D:3)
  10 blink frogs
  16 dream sheep
  3 snapping turtles
  3 air elementals
  6 slime creatures (Slime:1)
  A centaur simulacrum (D:10)
  A vampire (D:10)
  3 wraiths
  2 shadows
  5 basilisks
  34 yaks
  3 ynoxinuls
  8 water elementals
  5 wyverns
  An unseen horror simulacrum (D:10)
  3 vampire mosquitoes
  2 chaos spawn (Lair:5)
  6 steam dragons
  Menkaure (D:5)
  2 nagas (Snake:1)
  2 acid dragons
  6 water moccasins
  4 large abominations
  6 orc warriors
  2 ice beasts (D:6)
  5 wolves (D:11)
  2 ogres
  5 centaurs
  A lemure (D:6)
  6 kobold brigands
  10 bullfrogs
  7 wights
  2 scorpions (D:6)
  A gnoll sergeant (D:8)
  12 small abominations
  A killer bee (D:9)
  3 electric eels
  A howler monkey (D:8)
  4 hounds
  3 jellies
  A human zombie (D:4)
  3 orc priests
  A gnoll bouda (D:6)
  3 iguanas
  7 orc wizards
  12 mummies (Ossuary)
  13 gnolls
  3 adders
  A shadow imp (D:7)
  A white imp (Abyss:3)
  An ufetubus (D:4)
  A worm (D:4)
  A dart slug (D:5)
  28 orcs
  3 ball pythons
  2 bats (D:2)
  9 endoplasms
  2 giant cockroaches
  4 goblins (D:4)
  5 hobgoblins
  6 jackals (D:1)
  21 kobolds
  A quokka (D:3)
  A frilled lizard (D:1)
  A gnoll skeleton (Ossuary)
  4 goblin skeletons (Ossuary)
  A jackal zombie (D:4)
  2 kobold skeletons (Ossuary)
  An orc skeleton (Ossuary)
  2 rats
  11 rat skeletons (Ossuary)
  A lurking horror (Abyss:3)
  2 starspawn tentacles (Abyss:3)
526 creatures vanquished.

Vanquished Creatures (collateral kills)
  A titan (Shoals:4)
  A merfolk javelineer (Shoals:4)
  A faun (Shoals:4)
  3 merfolk sirens (Shoals:4)
6 creatures vanquished.

Vanquished Creatures (others)
  A shadow dragon (Abyss:4)
  An angel (Abyss:4)
  A draconian stormcaller (Abyss:4)
  A blizzard demon (Abyss:4)
  2 merfolk impalers (Shoals:4)
  A skyshark (Shoals:1)
  2 manticores
  A draconian (Abyss:4)
  A black mamba (Lair:4)
  A smoke demon (Abyss:4)
  A tormentor (Abyss:4)
  2 rime drakes (Lair:5)
  A merfolk (Shoals:2)
  A blink frog (Lair:5)
  A harpy skeleton (Abyss:4)
  An air elemental (Shoals:4)
  A spriggan (Lair:5)
  2 basilisks (Lair:5)
  3 steam dragons (Lair:5)
  11 starspawn tentacles
36 creatures vanquished.

Grand Total: 568 creatures vanquished

Notes
Turn   | Place    | Note
-------+----------+-------------------------------------------
     0 | D:1      | monsoonserge the Meteoran Fighter began the quest for the
                  | Orb.
     0 | D:1      | Reached XP level 1. HP: 19/19 MP: 2/2
    29 | D:1      | Reached XP level 2. HP: 25/26 MP: 3/3
   361 | D:1      | Reached XP level 3. HP: 31/31 MP: 4/4
   380 | D:1      | Found Yqoyfat's Magic Scroll Boutique.
   486 | D:1      | Glimpsed the power of Zot.
   536 | D:1      | Glimpsed the power of Zot.
   607 | D:2      | Found a faded altar of an unknown god.
   839 | D:3      | Found a snail-covered altar of Cheibriados.
   921 | D:3      | Noticed Grinder
   931 | D:3      | Paralysed by Grinder for 3 turns
   938 | D:3      | Paralysed by Grinder for 4 turns
   946 | D:3      | Killed Grinder
   947 | D:3      | Reached skill level 4 in Fighting
   947 | D:3      | Reached skill level 5 in Axes
   947 | D:3      | Reached XP level 4. HP: 36/41 MP: 5/5
   947 | D:3      | Reached XP level 5. HP: 41/47 MP: 6/6
   947 | D:3      | Reached XP level 6. HP: 47/53 MP: 7/7
  1164 | D:4      | Found Boagej's Distillery.
  1172 | D:4      | Bought a potion of curing for 33 gold pieces
  1228 | D:4      | Reached XP level 7. HP: 16/60 MP: 8/8
  1251 | D:4      | Found a staircase to the Ecumenical Temple.
  1265 | Temple   | Entered the Ecumenical Temple
  1322 | Temple   | Became a worshipper of Elyvilon the Healer
  1390 | D:4      | Found a sand-covered staircase.
  1410 | Ossuary  | Entered an ossuary
  1443 | Ossuary  | Reached skill level 1 in Invocations
  1512 | Ossuary  | Reached skill level 1 in Polearms
  1685 | Ossuary  | Identified a scroll of acquirement
  1714 | Ossuary  | Acquired a manual of Fighting
  1837 | D:5      | Entered Level 5 of the Dungeon
  1941 | D:5      | Noticed Menkaure
  1944 | D:5      | Killed Menkaure
  1945 | D:5      | Reached skill level 5 in Fighting
  1945 | D:5      | Reached XP level 8. HP: 35/68 MP: 9/11
  2007 | D:5      | Reached * piety under Elyvilon
  2106 | D:5      | Noticed nroviw's ghost (novice GrFi)
  2108 | D:5      | Found a runed translucent door.
  2127 | D:5      | Identified the +7 spear "Qehebluc" {flame, rCorr Str+3}
  2232 | D:5      | Killed nroviw's ghost
  2233 | D:5      | Reached skill level 5 in Polearms
  2233 | D:5      | Reached skill level 5 in Armour
  2240 | D:5      | Reached ** piety under Elyvilon
  2334 | D:6      | Found Cimurr Gome's Book Boutique.
  2371 | D:6      | Found a shadowy altar of Dithmenos.
  2417 | D:6      | Gained mutation: You passively map the area around you.
                  | [Meteoran growth]
  2417 | D:6      | Reached XP level 9. HP: 74/74 MP: 13/13
  2420 | D:6      | Found Epifurr's Magic Scroll Shoppe.
  2428 | D:6      | Bought a scroll of teleportation for 30 gold pieces
  2438 | D:6      | Found Oduocuzi's Weapon Emporium.
  2511 | D:6      | Found a sparkling altar of Nemelex Xobeh.
  2518 | D:6      | Reached skill level 1 in Throwing
  2536 | D:6      | Noticed Pikel
  2557 | D:6      | Killed Pikel
  2558 | D:6      | Reached skill level 6 in Fighting
  2596 | D:6      | Found a burning altar of Makhleb.
  2667 | D:6      | Reached skill level 5 in Invocations
  2673 | D:6      | Bought 3 scrolls of teleportation for 90 gold pieces
  2794 | D:6      | Found Usore's Antique Weapon Emporium.
  2948 | D:7      | Reached skill level 10 in Polearms
  2951 | D:7      | Found a glowing golden altar of the Shining One.
  2975 | D:7      | Reached *** piety under Elyvilon
  2978 | D:7      | Reached XP level 10. HP: 83/83 MP: 14/14
  3141 | D:7      | Found a shimmering altar of Xom.
  3246 | D:7      | Found a bloodstained altar of Trog.
  3247 | D:7      | Found an iron altar of Okawaru.
  3331 | D:8      | Reached skill level 7 in Fighting
  3392 | D:8      | Reached skill level 1 in Dodging
  3397 | D:8      | Paralysed by a hornet for 3 turns
  3415 | D:8      | Noticed a two-headed ogre
  3424 | D:8      | Killed a two-headed ogre
  3425 | D:8      | Reached skill level 8 in Fighting
  3425 | D:8      | Reached skill level 5 in Shields
  3494 | D:8      | Reached **** piety under Elyvilon
  3585 | D:8      | Reached XP level 11. HP: 71/95 MP: 15/17
  3608 | D:9      | Reached skill level 9 in Fighting
  3623 | D:9      | Noticed a two-headed ogre
  3627 | D:9      | Noticed a two-headed ogre
  3905 | D:10     | Entered Level 10 of the Dungeon
  3910 | D:10     | Noticed Joseph
  3929 | D:10     | Killed Joseph
  3968 | D:10     | Reached skill level 10 in Fighting
  4114 | D:10     | Reached skill level 11 in Fighting
  4236 | D:10     | Noticed a vault guard
  4261 | D:10     | Killed a vault guard
  4272 | D:10     | Found a hide-covered altar of Uskayaw.
  4303 | D:10     | Found a portal to a secret trove of treasure.
  4342 | D:10     | Found a staircase to the Orcish Mines.
  4349 | D:10     | Reached ***** piety under Elyvilon
  4406 | D:10     | Noticed Erolcha
  4414 | Abyss:2  | Cast into level 2 of the Abyss (Erolcha)
  4443 | Abyss:2  | Reached XP level 12. HP: 110/110 MP: 19/19
  4448 | Abyss:2  | Noticed a thrashing horror
  4461 | Abyss:2  | Killed a thrashing horror
  4504 | Abyss:2  | Noticed an orb spider
  4522 | Abyss:2  | Found a corrupted altar of Lugonu.
  4545 | Abyss:3  | Noticed a wretched star
  4559 | Abyss:3  | Reached skill level 12 in Fighting
  4570 | Abyss:3  | Found a corrupted altar of Lugonu.
  4587 | Abyss:3  | Found a corrupted altar of Lugonu.
  4619 | Abyss:3  | Killed a wretched star
  4620 | Abyss:3  | Reached skill level 1 in Stealth
  4620 | Abyss:3  | Noticed a glowing orange brain
  4630 | Abyss:3  | Noticed a glowing orange brain
  4631 | Abyss:3  | Killed a glowing orange brain
  4649 | Abyss:3  | Killed a glowing orange brain
  4656 | Abyss:3  | Noticed a tentacled starspawn
  4680 | Abyss:3  | Killed a tentacled starspawn
  4698 | Abyss:3  | Noticed a starflower
  4698 | Abyss:3  | Noticed a hell hog
  4741 | Abyss:3  | Reached skill level 13 in Fighting
  4765 | D:10     | Escaped the Abyss
  4772 | D:10     | Killed Erolcha
  4819 | D:10     | Noticed a two-headed ogre
  4830 | D:10     | Killed a two-headed ogre
  4877 | D:10     | a cane toad changed into an entropy weaver
  4877 | D:10     | Noticed an entropy weaver (shapeshifter)
  4892 | D:10     | Killed an entropy weaver
  4902 | D:10     | Noticed a deep elf pyromancer
  4906 | D:10     | Noticed an orc knight
  4907 | D:10     | Pacified a deep elf pyromancer
  4908 | D:10     | Reached XP level 13. HP: 56/123 MP: 18/21
  4925 | D:9      | Noticed a two-headed ogre
  4934 | D:9      | Killed a two-headed ogre
  4962 | D:9      | Killed a two-headed ogre
  5020 | D:9      | Killed a two-headed ogre
  5021 | D:9      | Reached skill level 1 in Evocations
  5070 | D:10     | Reached skill level 14 in Fighting
  5089 | D:10     | Noticed an ogre mage
  5108 | D:10     | Killed an ogre mage
  5109 | D:10     | Reached skill level 10 in Invocations
  5117 | D:10     | Noticed a seven-headed hydra
  5118 | D:10     | Pacified a seven-headed hydra
  5244 | D:10     | Reached skill level 5 in Dodging
  5339 | D:11     | Noticed Harold
  5363 | D:11     | Killed Harold
  5364 | D:11     | Reached skill level 10 in Armour
  5550 | D:11     | Found a sacrificial altar of Ru.
  5896 | D:11     | Found a staircase to the Lair.
  5910 | D:11     | Got the Compilation of the Impact
  5975 | Lair:1   | Entered Level 1 of the Lair of Beasts
  6122 | Lair:2   | Reached skill level 15 in Fighting
  6248 | Lair:3   | Found a staircase to the Snake Pit.
  6537 | Lair:1   | Reached XP level 14. HP: 135/135 MP: 23/23
  6763 | Lair:1   | Identified the +2 mace "Noewoesa" {freeze, Drain Dex+7}
  6936 | Lair:3   | Reached ****** piety under Elyvilon
  7039 | Lair:3   | Reached skill level 16 in Fighting
  7334 | Lair:3   | Found a staircase to the Shoals.
  7383 | Shoals:1 | Entered Level 1 of the Shoals
  7409 | Lair:3   | Reached skill level 5 in Throwing
  7664 | Shoals:1 | Reached skill level 10 in Shields
  7667 | Shoals:1 | Reached skill level 5 in Evocations
  7743 | Shoals:1 | Noticed a merfolk javelineer
  7763 | Shoals:1 | Killed a merfolk javelineer
  7888 | Shoals:1 | Reached XP level 15. HP: 106/145 MP: 24/24
  8008 | Shoals:1 | Glimpsed the power of Zot.
  8054 | Shoals:2 | HP: 5/145 [merfolk impaler/+2 trident of flaming (5)]
  8722 | Shoals:3 | Found Siegfried's Dragon-Slaying Spoils.
  8780 | Shoals:3 | Noticed Mara
  8824 | Shoals:3 | Reached skill level 15 in Polearms
  8958 | Shoals:3 | Identified the +3 morningstar "Ogreslayer" {freeze, *Noise
                  | rCorr Int+2}
  8974 | Shoals:4 | Entered Level 4 of the Shoals
  8982 | Shoals:4 | Reached skill level 17 in Fighting
  9008 | Shoals:4 | Paralysed by an air elemental for 1 turns
  9032 | Shoals:4 | Paralysed by an air elemental for 1 turns
  9201 | Shoals:4 | Noticed a titan
  9222 | Shoals:4 | Killed a titan
  9223 | Shoals:4 | Reached XP level 16. HP: 75/155 MP: 25/25
  9234 | Shoals:4 | Paralysed by an air elemental for 1 turns
  9240 | Shoals:4 | Paralysed by an air elemental for 1 turns
  9242 | Shoals:4 | HP: 3/155 [merfolk impaler/+4 heavy trident (17)]
  9243 | Shoals:4 | Elyvilon protects you from harm!
  9244 | Shoals:4 | Paralysed by an air elemental for 1 turns
  9244 | Shoals:4 | Elyvilon protects you from harm!
  9265 | Shoals:4 | Identified the +8 lajatang of the Mind {flame, rElec Str+8
                  | Int-5}
  9429 | Shoals:4 | Got a barnacled rune of Zot
  9466 | Shoals:4 | Found a stormy altar of Qazlal.
  9479 | Shoals:4 | Paralysed by an air elemental for 1 turns
  9488 | Shoals:3 | Paralysed by an air elemental for 1 turns
 10147 | Lair:4   | Found the +4 skin of Zhor {*Englaciate rC+++ SInv}
 10202 | Lair:4   | Found a staircase to the Slime Pits.
 10216 | Lair:4   | Found a viscous altar of Jiyva.
 10263 | Lair:5   | Entered Level 5 of the Lair of Beasts
 10774 | Lair:5   | Reached XP level 17. HP: 141/163 MP: 24/27
 11073 | Lair:5   | Found a corrupted altar of Lugonu.
 11073 | Lair:5   | Found a one-way gate to the infinite horrors of the Abyss.
 11103 | Lair:5   | Voluntarily entered the Abyss.
 11117 | Abyss:3  | Noticed a bone dragon
 11140 | Abyss:4  | Found a transporter.
 11141 | Abyss:4  | Noticed a shadow dragon
 11148 | Abyss:4  | Pacified a shadow dragon
 11159 | Abyss:4  | Noticed a tentacled starspawn
 11164 | Abyss:4  | Found a corrupted altar of Lugonu.
 11164 | Abyss:4  | Noticed a shadow dragon
 11165 | Abyss:4  | Pacified a shadow dragon
 11168 | Abyss:4  | Killed a shadow dragon
 11182 | Abyss:4  | Reached skill level 15 in Shields
 11203 | Abyss:4  | Found a transporter.
 11204 | Abyss:4  | Got an abyssal rune of Zot
 11229 | Lair:5   | Escaped the Abyss
 11342 | Slime:1  | Entered Level 1 of the Pits of Slime
 11423 | Slime:1  | Gained mutation: Your spells are much easier to cast, but
                  | much less powerful. [a shining eye]
 11429 | Slime:1  | Noticed an acid blob
 11432 | Slime:1  | Reached skill level 10 in Dodging
 11436 | Slime:1  | Noticed a rockslime
 11436 | Slime:1  | Noticed an acid blob
 11481 | Snake:1  | Entered Level 1 of the Snake Pit
 11574 | Snake:1  | Reached skill level 18 in Fighting
 11624 | Snake:1  | Killed from afar by a shock serpent

Illustrated notes

Levels and vault maps discovered:
D:1:      elethiomel_arrival_infinity_welcomes_careful_drivers, layout_basic,
          serial_shops, nicolae_shop_rolled_up
D:2:      layout_basic, serial_aquarium, aquarium_bridge_square
          [aquarium_subvault_bridge, aquarium_subvault_bridge,
          aquarium_subvault_bridge, aquarium_subvault_window],
          aquarium_window_2, aquarium_window_fake, aquarium_window_fake,
          aquarium_window_2, aquarium_view_2e, aquarium_view_2c,
          aquarium_balcony_5b, aquarium_pool_2,
          chequers_ecumenical_altar_simple, reono_crystal_passage
D:3:      layout_loops_cross, mainiacjoe_overflow_concentric_impassable,
          uniq_grinder
D:4:      layout_rooms, minmay_temple_entry_glass, serial_shops,
          nicolae_shop_hallway_stairs, enter_ossuary_3, hex_medium
D:5:      layout_cave_pods, hellmonk_ghost_happy_afterlife, uniq_menkaure
D:6:      layout_loops_corners, mainiacjoe_overflow_catwalk_spiral,
          nemelex_xobeh_ov_fountains_minmay, serial_shops, shop,
          nicolae_shop_window_shopping, nicolae_stop_n_shop_2, shop,
          dreamdust_princess_bridge, minmay_door_square, grunt_ministairs_13,
          serial_bayou_pond_b, uniq_pikel
D:7:      layout_cave_pools, grunt_temple_overflow_bloody_war,
          mainiacjoe_overflow_alcove_1, xom_butterflies
D:8:      layout_rooms
D:9:      cheibrodos_fzero, layout_small_grid, corexii_corridor_pit
D:10:     hangedman_cross_veins, layout_cave_pools,
          nicolae_uskayaw_dance_studio, enter_trove_5, hangedman_fish_farm,
          uniq_erolcha, uniq_joseph
D:11:     layout_gridville, erik_lair_island, nicolae_ru_the_path_less_chosen,
          uniq_harold
Temple:   nicolae_temple_god_jail
Lair:1:   layout_regular_city, chequers_serial_rivers_marsh, grunt_megastairs_2
Lair:2:   layout_long_grid, nicolae_quartered_pool_impasse
Lair:3:   layout_cave_pods, elwin_shoals_entry_rooms, dummy_snake_entry,
          hangedman_lair_unloving_vines, lemuel_fruit_tree
Lair:4:   layout_small_grid, nicolae_slime_entry_slimehenge,
          chequers_serial_rivers_room_a
Lair:5:   hellmonk_lair_end_abyssal_woods, layout_cave_pods,
          chequers_serial_rivers_micro_e, chequers_serial_rivers_micro_a,
          st_stairs_9, bobbens_dragon_lair_wall, lemuel_fruit_fields
Shoals:1: layout_shoals
Shoals:2: layout_shoals
Shoals:3: layout_shoals, nicolae_shop_dragon_depot, uniq_mara
Shoals:4: shoals_end_hellmonk_storm_palace [storm_palace_center_circular,
          storm_palace_corner_blocked, storm_palace_corner_altar,
          storm_palace_corner_narrow, storm_palace_corner_grid]
Snake:1:  layout_cave_shapes, serial_bayou_shore_b, nicolae_triple_integral
Slime:1:  nicolae_slime_infinislime, layout_caves, special_room
          [special_room_jelly]

Skill      XL: |  1  2  3  4  5  6  7  8  9 10 11 12 13 14 15 16 17 |
---------------+----------------------------------------------------+-----
Armour         | 4 5 7 8 9 10 11 12 | 12.5
Axes           | 5 6 |  6.2
Fighting       | 4 5 6 8 11 13 15 16 17 18 | 18.0
Shields        | 4 5 6 7 9 10 12 14 15 | 15.0
Invocations    | 2 4 5 6 8 9 11 12 | 12.9
Polearms       | 3 6 10 11 12 13 14 15 | 15.9
Throwing       | 1 2 3 4 5 6 |  6.9
Dodging        | 2 3 4 5 7 8 9 10 | 10.0
Stealth        | 2 3 |  3.0
Evocations     | 3 5 |  5.3
Unarmed Combat | |  0.4

Action                     |  1- 3 |  4- 6 |  7- 9 | 10-12 | 13-15 | 16-18 || total
---------------------------+-------+-------+-------+-------+-------+-------++-------
  Melee: War axe           |    61 |    65 |     8 |       |       |       ||   134
         Unarmed           |     2 |     1 |       |       |       |       ||     3
         Halberd           |       |       |   123 |       |       |       ||   123
         Spear             |       |       |    96 |   530 |  1187 |   754 ||  2567
  Throw: Boomerang         |     5 |       |     2 |    13 |    27 |    23 ||    70
         Dart              |       |       |       |     9 |    28 |     8 ||    45
 Invoke: Heal Self         |       |       |       |     4 |     3 |    13 ||    20
         Heal Other        |       |       |       |     3 |    14 |    18 ||    35
         Purification      |       |       |       |     2 |       |     2 ||     4
  Evoke: Wand              |       |       |       |     2 |     3 |     6 ||    11
         Piece from Xom's  |       |       |       |     1 |     1 |       ||     2
         Lightning rod     |       |       |       |       |     4 |       ||     4
    Use: Scroll            |       |       |    13 |     6 |    11 |     6 ||    36
         Potion            |       |       |     1 |     2 |     1 |     6 ||    10
   Stab: Distracted        |       |       |       |       |       |     1 ||     1
 Armour: Scale mail        |    24 |     1 |     3 |   134 |   225 |    64 ||   451
         Plate armour      |       |    49 |    72 |       |       |       ||   121
         Animal skin       |       |       |       |       |       |    47 ||    47
  Dodge: Dodged            |    24 |    20 |    36 |   120 |   190 |   168 ||   558
         Repelled          |       |       |     1 |    10 |    11 |     5 ||    27
  Block: Buckler           |     9 |    20 |    13 |    47 |       |       ||    89
         Tower shield      |       |       |       |    85 |   684 |   558 ||  1327
         Reflection        |       |       |       |       |    19 |    34 ||    53
